 Dungeon Crawl Stone Soup version 0.21-a0-522-ga8338f0 (webtiles) character file.

119 kibaces the Caller (level 4, -7/33 HPs)
             Began as a Draconian Summoner on Dec 6, 2017.
             Was an Initiate of Sif Muna.
             Mangled by a bullfrog (9 damage)
             ... in a sewer.
             The game lasted 00:13:21 (2922 turns).

kibaces the Caller (Draconian Summoner)             Turns: 2922, Time: 00:13:22

Health: -7/33      AC:  5    Str: 10    XL:     4   Next: 73%
Magic:  1/9        EV: 12    Int: 16    God:    Sif Muna [......]
Gold:   163        SH:  0    Dex: 12    Spells: 4/10 levels left

rFire    . . .     SeeInvis .   e - +0 dagger
rCold    . . .     Gourm    .   (no shield)
rNeg     . . .     Faith    .   (armour unavailable)
rPois    .         Spirit   .   (helmet restricted)
rElec    .         Reflect  .   (no cloak)
rCorr    .         Harm     .   (no gloves)
MR       .....                  (no boots)
Stlth    +.........             (no amulet)
HPRegen  0.11/turn              (no ring)
MPRegen  0.11/turn              (no ring)

@: very slow
A: unfitting armour, cold-blooded, AC +5
a: Renounce Religion


You were in a sewer.
You worshipped Sif Muna.
Sif Muna was noncommittal.
You were very hungry.

You visited 1 branch of the dungeon, and saw 3 of its levels.
You also visited: Sewer.

You collected 163 gold pieces.

Inventory:

Hand Weapons
 e - a +0 dagger (weapon)
 f - a cursed -2 dagger
Armour
 n - a +0 helmet
Jewellery
 g - an uncursed ring of protection from magic {unknown}
Scrolls
 c - a scroll of blinking {unknown}
 d - a scroll of noise {unknown}
 h - a scroll of teleportation {unknown}
 k - a scroll of remove curse {unknown}
Potions
 i - a potion of lignification {unknown}
 j - a potion of curing {unknown}
 m - a potion of mutation {unknown}
Books
 a - a book of Callings

   Spells                             Type                      Level
   a - Summon Small Mammal            Summoning                    1
   b - Call Imp                       Summoning                    2
   c - Call Canine Familiar           Summoning                    3
   d - Summon Guardian Golem          Hexes/Summoning              3
   e - Summon Lightning Spire         Summoning/Air                4
   f - Summon Ice Beast               Ice/Summoning                4
Comestibles
 b - 3 bread rations
 l - 2 chunks of flesh


   Skills:
 + Level 0.1 Short Blades
 + Level 2.2 Dodging
 + Level 2.0 Stealth
 + Level 3.5 Spellcasting
 + Level 4.8 Summonings


You had 4 spell levels left.
You knew the following spells:

 Your Spells              Type           Power        Failure   Level  Hunger
a - Summon Small Mammal   Summ           ###.         2%          1    None
b - Call Imp              Summ           ###.....     3%          2    ##.....
c - Call Canine Familiar  Summ           ###.....     8%          3    ###....


Dungeon Overview and Level Annotations

Branches:
Dungeon (3/15)

Altars:
Fedhas
Gozag
Sif Muna
Xom


Innate Abilities, Weirdness & Mutations

Your plain brown scales are hard. (AC +5)
You cannot fit into any form of body armour.
You are cold-blooded and may be slowed by cold attacks.


Message History

The bullfrog completely misses you.
You enter the shallow water.
Moving in this stuff is going to be slow.
The bullfrog barely misses you. The bullfrog misses you.
The bullfrog barely misses you.
Your iron imp hits the bullfrog.
The bullfrog closely misses you. The bullfrog hits you.
* * * LOW HITPOINT WARNING * * *
The bullfrog closely misses you.
Unknown command.
You enter the shallow water.
Moving in this stuff is going to be slow.
The bullfrog hits you.
* * * LOW HITPOINT WARNING * * *
Your crimson imp closely misses the bullfrog.
The bullfrog closely misses you. The bullfrog barely misses you.
Your crimson imp hits the bullfrog.
The bullfrog barely misses you. The bullfrog barely misses you.
The bullfrog closely misses you. The bullfrog hits you!
You die...

##≈≈.##≈≈≈##≈≈≈..≈.≈≈≈≈##≈≈≈##
#.≈≈≈#.≈†≈#≈≈...??.≈.≈≈≈#≈†≈≈#
#∩.≈≈#≈≈≈≈#≈≈.....≈≈.≈≈≈#..≈.#
#..≈≈#.≈≈≈#≈≈.≈.≈≈≈≈.≈≈≈#≈≈≈≈#
##≈..##≈≈≈#.≈÷.≈≈.≈≈.≈≈##≈.≈##
#.†≈≈#≈≈≈#.55≈≈.≈≈≈≈≈##≈†≈≈#≈
##≈≈†##≈≈##≈≈#≈≈≈≈≈###≈.†≈##≈
#..≈≈##≈≈#FF#######≈.≈≈≈##††
##≈≈≈≈#÷≈##@†..≈≈≈≈.≈≈###†.≈
##≈.≈≈†≈≈#...≈≈≈.≈####≈.≈≈≈
####≈.≈#######.∩.#.≈≈≈≈≈≈#
##≈≈#≈≈≈≈≈#####≈.≈≈####
####≈.≈≈≈≈≈≈≈≈≈####≈.∩
#≈≈≈#########≈....#
#≈≈.≈≈≈≈≈.≈≈.÷∩.###
#≈≈...≈.÷.≈.#####
#############


You could see 2 bullfrogs, a friendly iron imp and a friendly crimson imp.

Vanquished Creatures
  A leopard gecko (Sewer)
  A ball python (Sewer)
  A giant cockroach (Sewer)
  A hobgoblin (D:1)
  A bat (D:2)
  A frilled lizard (Sewer)
  A rat (D:2)
7 creatures vanquished.

Vanquished Creatures (collateral kills)
  A gnoll (D:2)
  3 adders
  11 oozes
  An adder skeleton (D:2)
  A worm (D:2)
  2 dart slugs
  8 leopard geckos
  13 giant cockroaches
  8 goblins
  3 hobgoblins
  5 kobolds
  13 ball pythons
  5 bats
  12 frilled lizards
  3 rats
89 creatures vanquished.

Grand Total: 96 creatures vanquished

Notes
Turn   | Place    | Note
-------+----------+-------------------------------------------
     0 | D:1      | kibaces the Draconian Summoner began the quest for the Orb.
     0 | D:1      | Reached XP level 1. HP: 14/14 MP: 3/3
   520 | D:1      | Reached XP level 2. HP: 16/20 MP: 1/5
   524 | D:1      | Learned a level 2 spell: Call Imp
  1193 | D:2      | Found a blossoming altar of Fedhas.
  1213 | D:2      | Found an opulent altar of Gozag.
  1519 | D:2      | Found a shimmering altar of Xom.
  1530 | D:2      | Reached XP level 3. HP: 13/26 MP: 1/6
  2031 | D:2      | Found a deep blue altar of Sif Muna.
  2034 | D:2      | Became a worshipper of Sif Muna the Loreminder
  2292 | D:3      | Found a glowing drain.
  2342 | Sewer    | Entered a sewer
  2357 | Sewer    | Learned a level 3 spell: Call Canine Familiar
  2548 | Sewer    | Reached XP level 4. HP: 32/33 MP: 4/8
  2908 | Sewer    | Noticed a bullfrog
  2908 | Sewer    | Noticed a bullfrog
  2922 | Sewer    | Mangled by a bullfrog

Vault maps used:
D:1:      minmay_arrival_five_plusses
D:2:      lemuel_blue_sif_altar, lemuel_crystal_altar, lemuel_doored_altar,
          overflow_temple_1_default
D:3:      makhleb_grotto_becter, cheibrodos_sewer_entry_sluice, first_bread,
          bloody_makhleb
Sewer:    sewer_frog_island_02

Skill      XL: |  1  2  3  4 |
---------------+-------------+-----
Dodging        | 2 |  2.2
Spellcasting   | 3 |  3.5
Stealth        | 2 |  2.0
Short Blades   | |  0.1
Summonings     | |  4.8

Action                   |  1- 3 |  4- 6 || total
-------------------------+-------+-------++-------
Melee: Unarmed           |     4 |       ||     4
       Tailslap          |     3 |       ||     3
       Dagger            |    12 |     8 ||    20
 Cast: Summon Small Mamm |    35 |     3 ||    38
       Call Imp          |    29 |    19 ||    48
       Call Canine Famil |     3 |     2 ||     5
  Eat: Chunk             |     5 |     2 ||     7
       Royal jelly       |     1 |       ||     1
Armor: Skin              |    32 |    26 ||    58
Dodge: Dodged            |    56 |    77 ||   133

Table legend:
 A = Spawn XP
 B = Non-spawn XP
 C = Spawn XP percentage of total XP
 D = Spawn monster count
 E = Non-spawn monster count
 F = Spawn count percentage of total count
 G = Total turns spent on level
                    A         B        C        D         E        F      G
               +---------+---------+-------+---------+---------+-------+---------
         Total |       0 |     170 |   0.0 |       0 |      96 |   0.0 |  2922
               +---------+---------+-------+---------+---------+-------+---------
           D:1 |       0 |      21 |   0.0 |       0 |      20 |   0.0 |  1136
           D:2 |       0 |      31 |   0.0 |       0 |      17 |   0.0 |  1030
           D:3 |       0 |      14 |   0.0 |       0 |       6 |   0.0 |   176
         Sewer |       0 |     104 |   0.0 |       0 |      53 |   0.0 |   580
               +---------+---------+-------+---------+---------+-------+---------
